[Event "Turkish Cup 2022"]
[Site "Sakarya"]
[Date "2022.03.30"]
[Round "9.20"]
[White "Tahaoglu, Erkin"]
[Black "Caputcuoglu, Zeki Berke"]
[Result "0-1"]
[ECO "C60"]
[WhiteElo "1694"]
[BlackElo "2095"]
[Annotator "NA"]
[PlyCount "68"]
[EventDate "2022.03.25"]
[EventType "swiss"]
[EventCountry "TUR"]
[SourceTitle "playchess.com"]
[Source "ChessBase"]
[SourceQuality "1"]
[TimeControl "5400+30"]

1. e4 e5 2. Nf3 Nc6 3. Bb5 a6 4. Ba4 d6 5. O-O Bd7 6. c3 g6 7. d4 Bg7 8. h3 Nf6 9. Re1 O-O 10. Nbd2 Nh5 11. Bxc6 Bxc6 12. Nc4 Bb5 13. Qb3 exd4 14. cxd4 d5 15. Nce5 dxe4 16. Ng5 Qxd4 17. Ngxf7 Bc4 18. Nxc4 Rxf7 19. Be3 Qd5 20. Rad1 Qb5 21. Qc2 Re8 22. a4 Qc6 23. Qb3 Qe6 24. Rd2 Nf4 25. Bxf4 Rxf4 26. Rde2 Bd4 27. g3 Qxh3 28. Nd2+ Rf7 29. Nf1 Re5 30. Qxb7 Rf3 31. Qb8+ Kg7 32. Qxc7+ Kh6 33. Qc1+ Rg5 34. Rd1 Rfxg3+ 0-1

[Event "Turkish Cup 2022"]
[Site "Sakarya"]
[Date "2022.03.30"]
[Round "9.21"]
[White "Kul, Ozdemir Efe"]
[Black "Cil, Batuhan"]
[Result "1-0"]
[ECO "A05"]
[WhiteElo "2042"]
[BlackElo "1737"]
[Annotator "NA"]
[PlyCount "123"]
[EventDate "2022.03.25"]
[EventType "swiss"]
[EventCountry "TUR"]
[SourceTitle "playchess.com"]
[Source "ChessBase"]
[SourceQuality "1"]
[TimeControl "5400+30"]

1. g3 d5 2. Nf3 Nf6 3. Bg2 g6 4. O-O Bg7 5. d3 O-O 6. a3 c5 7. Nc3 Nc6 8. Rb1 e6 9. Bg5 h6 10. Bd2 Qe7 11. e4 d4 12. Ne2 e5 13. h3 a5 14. Ne1 b5 15. f4 Bd7 16. Nf3 Nh5 17. fxe5 Nxe5 18. Nxe5 Qxe5 19. g4 Ng3 20. Nxg3 Qxg3 21. Bf4 Qh4 22. Qf3 Qe7 23. Qg3 Ra6 24. h4 Re8 25. g5 h5 26. Rf2 c4 27. Rbf1 c3 28. bxc3 dxc3 29. Be3 Be5 30. Qf3 Rf8 31. Bh3 Bxh3 32. Qxh3 Rd6 33. Rb1 b4 34. axb4 axb4 35. Rff1 Rdd8 36. Qf3 Rb8 37. d4 Bc7 38. e5 Qe6 39. Rb3 Qc4 40. Rfb1 Rfd8 41. Rd1 Bb6 42. Qf1 Qe6 43. Rxb4 Qg4+ 44. Kh2 Qxh4+ 45. Qh3 Qe4 46. Rd3 Ra8 47. Rxb6 Ra1 48. Bg1 Qf4+ 49. Qg3 Qd2+ 50. Bf2 Qxc2 51. Rxc3 Qe4 52. Qf3 Qxf3 53. Rxf3 Ra2 54. Kh3 Ra7 55. Rbf6 Re8 56. Kg3 Kg7 57. Kf4 Ra4 58. Ke4 Re7 59. Rd6 Ra5 60. d5 Ra4+ 61. Bd4 Rb7 62. e6+ 1-0

[Event "Turkish Cup 2022"]
[Site "Sakarya"]
[Date "2022.03.30"]
[Round "9.22"]
[White "Demirag, Batuhan"]
[Black "Lale, Omer Faruk"]
[Result "1-0"]
[ECO "A34"]
[WhiteElo "1923"]
[BlackElo "1771"]
[Annotator "NA"]
[PlyCount "127"]
[EventDate "2022.03.25"]
[EventType "swiss"]
[EventCountry "TUR"]
[SourceTitle "playchess.com"]
[Source "ChessBase"]
[SourceQuality "1"]
[TimeControl "5400+30"]

1. Nf3 c5 2. c4 Nf6 3. Nc3 Nc6 4. g3 e5 5. Bg2 d6 6. d3 Be7 7. O-O Bd7 8. Bg5 Nd4 9. Bxf6 Bxf6 10. Ne1 h5 11. e3 Ne6 12. Ne4 Be7 13. Nc2 h4 14. d4 f5 15. Nc3 f4 16. exf4 cxd4 17. Nd5 O-O 18. fxe5 dxe5 19. Qh5 Bd6 20. Rae1 Qg5 21. Qxg5 Nxg5 22. f4 exf4 23. gxf4 Nh3+ 24. Kh1 d3 25. Nd4 Bc5 26. Ne7+ Kf7 27. Nef5 d2 28. Rd1 Bxf5 29. Nxf5 Nf2+ 30. Rxf2 Bxf2 31. Rxd2 Bc5 32. Bxb7 Rae8 33. Nxh4 Re1+ 34. Kg2 Rg1+ 35. Kf3 Rh8 36. Nf5 Rf1+ 37. Kg4 g6 38. Ng3 Rf2 39. Rxf2 Bxf2 40. Nf1 Kf6 41. Bd5 Rh4+ 42. Kf3 Bc5 43. Ng3 Bd4 44. b4 Rxh2 45. c5 Bb2 46. Bb3 Ba3 47. b5 Ke7 48. Ne4 Rh1 49. b6 axb6 50. cxb6 Kd7 51. Ba4+ Kc8 52. Bc6 Rb1 53. b7+ Kc7 54. Nc3 Kxc6 55. Nxb1 Bd6 56. Nd2 Kxb7 57. Nc4 Bc7 58. Ke4 Kc6 59. Ne5+ Kb5 60. Nxg6 Ka4 61. f5 Ka3 62. f6 Bd6 63. Kd5 Bb4 64. f7 1-0

[Event "Turkish Cup 2022"]
[Site "Sakarya"]
[Date "2022.03.30"]
[Round "9.23"]
[White "Colak, Tugay"]
[Black "Canbulan, Arda"]
[Result "1-0"]
[ECO "A45"]
[WhiteElo "1701"]
[BlackElo "1867"]
[Annotator "NA"]
[PlyCount "73"]
[EventDate "2022.03.25"]
[EventType "swiss"]
[EventCountry "TUR"]
[SourceTitle "playchess.com"]
[Source "ChessBase"]
[SourceQuality "1"]
[TimeControl "5400+30"]

1. d4 Nf6 2. Bg5 Ne4 3. Bf4 c5 4. f3 Nf6 5. d5 Qb6 6. b3 Qb4+ 7. Bd2 Qd4 8. Nc3 Nxd5 9. Nb5 Qe5 10. c4 a6 11. cxd5 axb5 12. e4 b4 13. Rc1 e6 14. Bxb4 exd5 15. Bxc5 Bxc5 16. Rxc5 O-O 17. a4 d6 18. Rxd5 Qc3+ 19. Kf2 Be6 20. Ne2 Qb2 21. Rb5 Nc6 22. Qc1 Qf6 23. Nf4 Nd4 24. Nh5 Qe7 25. Qc3 g6 26. Qxd4 gxh5 27. Rxh5 Bxb3 28. a5 Rfc8 29. Bd3 Rc5 30. e5 Rxe5 31. Qg4+ Kf8 32. Rxh7 Rg5 33. Rh8+ Kg7 34. Qd4+ Re5 35. Rxa8 f6 36. Qg4+ Rg5 37. Qe4 1-0

[Event "Turkish Cup 2022"]
[Site "Sakarya"]
[Date "2022.03.30"]
[Round "9.25"]
[White "Atayman, Evren"]
[Black "Unesi, Erdal"]
[Result "1-0"]
[ECO "B40"]
[WhiteElo "1662"]
[BlackElo "1861"]
[Annotator "NA"]
[PlyCount "65"]
[EventDate "2022.03.25"]
[EventType "swiss"]
[EventCountry "TUR"]
[SourceTitle "playchess.com"]
[Source "ChessBase"]
[SourceQuality "1"]
[TimeControl "5400+30"]

1. e4 c5 2. Nf3 e6 3. d3 Nc6 4. g3 Nf6 5. Bg2 g6 6. O-O Bg7 7. c3 O-O 8. e5 Nd5 9. c4 Nde7 10. Re1 d6 11. Bf4 dxe5 12. Nxe5 Qb6 13. Qd2 Rd8 14. Nc3 Qa5 15. Nxc6 Nxc6 16. Bxc6 bxc6 17. Be5 f6 18. Bf4 e5 19. Bh6 Bf5 20. Bxg7 Kxg7 21. Re3 Qb4 22. Qe2 Rab8 23. g4 Be6 24. Rxe5 Qxb2 25. Qxb2 Rxb2 26. Rxe6 Rxd3 27. Na4 Rc2 28. Nxc5 Rdd2 29. Ne4 Re2 30. Rd1 Rxc4 31. Rd7+ Kh6 32. g5+ fxg5 33. Nf6 1-0

[Event "Turkish Cup 2022"]
[Site "Sakarya"]
[Date "2022.03.30"]
[Round "9.26"]
[White "Gozubuyukoglu, Selami"]
[Black "Anacak, Hasan Gunes"]
[Result "0-1"]
[ECO "B50"]
[WhiteElo "1747"]
[BlackElo "1798"]
[Annotator "NA"]
[PlyCount "84"]
[EventDate "2022.03.25"]
[EventType "swiss"]
[EventCountry "TUR"]
[SourceTitle "playchess.com"]
[Source "ChessBase"]
[SourceQuality "1"]
[TimeControl "5400+30"]

1. e4 c5 2. Nf3 d6 3. c3 Nf6 4. Be2 g6 5. O-O Bg7 6. Bb5+ Bd7 7. Bxd7+ Nbxd7 8. Re1 O-O 9. d4 Qc7 10. e5 dxe5 11. dxe5 Ng4 12. e6 fxe6 13. h3 Nge5 14. Ng5 Qc6 15. Qe2 h6 16. Ne4 c4 17. Nbd2 Nd3 18. Rf1 N7e5 19. Ng3 b5 20. Nde4 Nxc1 21. Raxc1 Nd3 22. Rc2 Rf4 23. Qe3 Be5 24. f3 Bc7 25. Kh1 Bb6 26. Qd2 Raf8 27. Rd1 h5 28. Nxh5 gxh5 29. g3 R4f7 30. Qg5+ Rg7 31. Qxh5 Rf5 32. Qh4 Rxf3 33. Kh2 Qd5 34. Re2 Qf5 35. Rdd2 Rf1 36. Rg2 Be3 37. Rde2 Bc1 38. Nd6 exd6 39. Qd8+ Qf8 40. Qa5 Qe8 41. Qa6 Rh7 42. Qxd6 Rxh3+ 0-1

[Event "Turkish Cup 2022"]
[Site "Sakarya"]
[Date "2022.03.30"]
[Round "9.27"]
[White "Demirag, Gokhan"]
[Black "Unsal, Gorkem"]
[Result "1/2-1/2"]
[ECO "E18"]
[WhiteElo "1946"]
[BlackElo "1672"]
[Annotator "NA"]
[PlyCount "65"]
[EventDate "2022.03.25"]
[EventType "swiss"]
[EventCountry "TUR"]
[SourceTitle "playchess.com"]
[Source "ChessBase"]
[SourceQuality "1"]
[TimeControl "5400+30"]

1. Nf3 Nf6 2. c4 e6 3. d4 b6 4. g3 Bb7 5. Bg2 Be7 6. O-O O-O 7. Nc3 d5 8. Ne5 Nbd7 9. f4 c5 10. e3 Rc8 11. cxd5 exd5 12. Bd2 Ne4 13. Nxe4 dxe4 14. Bc3 Nf6 15. Qb1 cxd4 16. Bxd4 Bc5 17. Rd1 Qe7 18. b3 Rc7 19. Qb2 Rd8 20. Bxc5 Rxc5 21. Rac1 h5 22. Bf1 Nd5 23. Qe2 h4 24. Rxc5 Qxc5 25. Rd4 hxg3 26. hxg3 Rd6 27. Qc4 Qa5 28. Qc1 Qxa2 29. Rxd5 Rxd5 30. Qc7 Rxe5 31. fxe5 Qxb3 32. Qb8+ Kh7 33. Qxb7 1/2-1/2

[Event "Turkish Cup 2022"]
[Site "Sakarya"]
[Date "2022.03.30"]
[Round "9.28"]
[White "Sakmak, Kutay"]
[Black "Ozcan, Kadir Kutay"]
[Result "1-0"]
[ECO "B76"]
[WhiteElo "1718"]
[BlackElo "1878"]
[Annotator "NA"]
[PlyCount "61"]
[EventDate "2022.03.25"]
[EventType "swiss"]
[EventCountry "TUR"]
[SourceTitle "playchess.com"]
[Source "ChessBase"]
[SourceQuality "1"]
[TimeControl "5400+30"]

1. e4 c5 2. Nf3 d6 3. d4 cxd4 4. Nxd4 Nf6 5. Nc3 g6 6. Be3 Bg7 7. f3 Nc6 8. Qd2 O-O 9. g4 Bxg4 10. fxg4 Nxg4 11. Nxc6 bxc6 12. Be2 Nxe3 13. Qxe3 Rb8 14. Rb1 Qa5 15. O-O Rb4 16. Kh1 Rfb8 17. Qf3 Bf6 18. b3 Qc5 19. Bc4 a5 20. Rbe1 Qe5 21. Nd1 h5 22. Nf2 R4b7 23. Nd3 Qc3 24. e5 dxe5 25. Bxf7+ Kg7 26. Bxg6 Qxc2 27. Be4 Qxa2 28. Nxe5 Rxb3 29. Qxh5 Rb2 30. Qg6+ Kf8 31. Nd7# 1-0

[Event "Turkish Cup 2022"]
[Site "Sakarya"]
[Date "2022.03.30"]
[Round "9.29"]
[White "Kilic, Cihan"]
[Black "Melik, Enes"]
[Result "1-0"]
[ECO "A80"]
[WhiteElo "1874"]
[BlackElo "1592"]
[Annotator "NA"]
[PlyCount "83"]
[EventDate "2022.03.25"]
[EventType "swiss"]
[EventCountry "TUR"]
[SourceTitle "playchess.com"]
[Source "ChessBase"]
[SourceQuality "1"]
[TimeControl "5400+30"]

1. d4 f5 2. Nf3 e6 3. Bf4 Nf6 4. e3 b6 5. c4 Bb4+ 6. Nc3 Bb7 7. Bd3 O-O 8. O-O Bxc3 9. bxc3 d6 10. Qc2 Qe8 11. Nd2 Nbd7 12. Rae1 Qg6 13. f3 Nh5 14. h3 Nxf4 15. exf4 Qh6 16. Nb3 Rae8 17. Qd2 Nf6 18. Kh2 Nh5 19. g3 Rf6 20. d5 Ref8 21. Rxe6 Rxe6 22. dxe6 Qxe6 23. Nd4 Qd7 24. Re1 g6 25. Qe3 Ng7 26. Qe7 Rf7 27. Qxd7 Rxd7 28. Re3 Kf8 29. g4 fxg4 30. fxg4 Re7 31. Rxe7 Kxe7 32. Kg3 a6 33. h4 a5 34. h5 Kf7 35. Kh4 Kf6 36. h6 Ne8 37. g5+ Kf7 38. f5 gxf5 39. Bxf5 Kg8 40. Bd7 c5 41. Nb5 Kf8 42. Bxe8 1-0

[Event "Turkish Cup 2022"]
[Site "Sakarya"]
[Date "2022.03.30"]
[Round "9.30"]
[White "Karadag, Eflatun Cem"]
[Black "Celik, Ege Yigit"]
[Result "0-1"]
[ECO "A04"]
[WhiteElo "1800"]
[BlackElo "1466"]
[Annotator "NA"]
[PlyCount "108"]
[EventDate "2022.03.25"]
[EventType "swiss"]
[EventCountry "TUR"]
[SourceTitle "playchess.com"]
[Source "ChessBase"]
[SourceQuality "1"]
[TimeControl "5400+30"]

1. e4 c5 2. Nf3 Nc6 3. d3 g6 4. g3 Bg7 5. Bg2 d6 6. O-O e5 7. Be3 Nge7 8. c3 O-O 9. Qd2 b6 10. Bh6 Bb7 11. Bxg7 Kxg7 12. d4 Qc7 13. Na3 a6 14. d5 Nd8 15. Nc4 b5 16. Ncxe5 dxe5 17. d6 Qd7 18. Nxe5 Qe6 19. dxe7 Qxe7 20. Nd7 Re8 21. f4 Bc6 22. e5 Bxg2 23. Kxg2 Ne6 24. Nf6 Red8 25. Qe2 Qb7+ 26. Kg1 c4 27. Rf3 Qb6+ 28. Kg2 Qc6 29. h4 Rd3 30. Ne4 Qd5 31. h5 Nc5 32. h6+ Kh8 33. Nxc5 Rd2 34. Qxd2 Qxd2+ 35. Kh3 Qd5 36. Raf1 Qxc5 37. g4 Rd8 38. g5 Rd3 39. Kg2 Qd5 40. Kg3 Kg8 41. R1f2 Qe4 42. b4 Rxf3+ 43. Rxf3 Qe1+ 44. Kh3 Kf8 45. Kg2 Qd2+ 46. Kg3 Qxa2 47. f5 gxf5 48. Rxf5 Qc2 49. Kf4 Qxc3 50. e6 Qd4+ 51. Kf3 Qd3+ 52. Kf4 Qf1+ 53. Ke5 Qe2+ 54. Kf4 Qxe6 0-1

[Event "Turkish Cup 2022"]
[Site "Sakarya"]
[Date "2022.03.30"]
[Round "9.31"]
[White "Kuru, Atilla"]
[Black "Dolek, Gokalp Deniz"]
[Result "1-0"]
[ECO "A11"]
[WhiteElo "1674"]
[BlackElo "1520"]
[Annotator "NA"]
[PlyCount "95"]
[EventDate "2022.03.25"]
[EventType "swiss"]
[EventCountry "TUR"]
[SourceTitle "playchess.com"]
[Source "ChessBase"]
[SourceQuality "1"]
[TimeControl "5400+30"]

1. c4 Nf6 2. Nc3 c6 3. Nf3 d5 4. e3 Nbd7 5. b3 g6 6. Bb2 dxc4 7. bxc4 Bg7 8. Be2 O-O 9. O-O Qc7 10. d4 Nb6 11. e4 Rd8 12. Qc2 Nh5 13. c5 Nd7 14. Bc4 Nf8 15. Ng5 e6 16. Ne2 Qe7 17. f4 Nf6 18. h3 b6 19. Rac1 b5 20. Bb3 a5 21. a3 h6 22. Nf3 Ba6 23. Ne5 Rac8 24. Bc3 b4 25. axb4 axb4 26. Bb2 Nh5 27. g4 Bxe2 28. Rf2 Nxf4 29. Rxf4 Bxe5 30. dxe5 Qg5 31. Rf2 Rd2 32. Rxe2 Rxc2 33. Rcxc2 Rd8 34. Kg2 Qf4 35. Bc1 Qxe5 36. Bb2 Qc7 37. Red2 g5 38. e5 Ng6 39. Rd6 Rxd6 40. exd6 Nf4+ 41. Kf3 Qb7 42. Be5 Qa6 43. Bxf4 Qd3+ 44. Be3 Qxb3 45. Rd2 Qc4 46. d7 Qf1+ 47. Kg3 Qe1+ 48. Kg2 1-0

[Event "Turkish Cup 2022"]
[Site "Sakarya"]
[Date "2022.03.30"]
[Round "9.32"]
[White "Ulu, Ekrem"]
[Black "Durucay, Uygar"]
[Result "0-1"]
[ECO "D00"]
[WhiteElo "1692"]
[BlackElo "1700"]
[Annotator "NA"]
[PlyCount "129"]
[EventDate "2022.03.25"]
[EventType "swiss"]
[EventCountry "TUR"]
[SourceTitle "playchess.com"]
[Source "ChessBase"]
[SourceQuality "1"]
[TimeControl "5400+30"]

1. d4 Nf6 2. Bf4 d5 3. e3 c5 4. c3 Nc6 5. Bb5 Qb6 6. Bxc6+ bxc6 7. b3 a5 8. dxc5 Qxc5 9. Ne2 Ba6 10. O-O e6 11. Re1 Be7 12. Qc2 O-O 13. Nd2 Nd7 14. Rac1 Rac8 15. c4 Qa7 16. Bg3 Rfd8 17. Nd4 Bf6 18. N4f3 Nc5 19. Red1 Qe7 20. Ne5 Bb7 21. h3 g6 22. Nef3 e5 23. Nf1 e4 24. Nd4 Nd3 25. Rb1 Be5 26. Ne2 Nb4 27. Qc1 Nxa2 28. Qc2 Nb4 29. Qc1 Nd3 30. Qc2 Bg7 31. Nc1 Nb4 32. Qe2 Ba6 33. Nd2 f5 34. f3 Rd7 35. Be1 Rcd8 36. Nf1 dxc4 37. Rxd7 Qxd7 38. Bxb4 axb4 39. bxc4 exf3 40. gxf3 c5 41. Nb3 Qd6 42. Rc1 Bf8 43. Ra1 Bb7 44. Ra2 Qd3 45. Qxd3 Rxd3 46. Na5 Bxf3 47. Kf2 Be4 48. Nd2 Ra3 49. Rxa3 bxa3 50. Nxe4 fxe4 51. Ke2 a2 52. Nb3 Bg7 53. Kf2 a1=Q 54. Nxa1 Bxa1 55. Kg3 Be5+ 56. Kg4 h6 57. h4 Kf7 58. h5 gxh5+ 59. Kxh5 Kg7 60. Kh4 Kg6 61. Kg4 h5+ 62. Kh4 Bc3 63. Kg3 Kg5 64. Kg2 Kg4 65. Kf2 0-1

[Event "Turkish Cup 2022"]
[Site "Sakarya"]
[Date "2022.03.30"]
[Round "9.33"]
[White "Hatirli, Ugur Can"]
[Black "Bagci, Hikmet"]
[Result "1-0"]
[ECO "E18"]
[WhiteElo "1818"]
[BlackElo "1630"]
[Annotator "NA"]
[PlyCount "77"]
[EventDate "2022.03.25"]
[EventType "swiss"]
[EventCountry "TUR"]
[SourceTitle "playchess.com"]
[Source "ChessBase"]
[SourceQuality "1"]
[TimeControl "5400+30"]

1. d4 Nf6 2. Nf3 e6 3. g3 b6 4. Bg2 Bb7 5. O-O Be7 6. c4 d5 7. Nc3 O-O 8. Ne5 Nbd7 9. Bf4 Nh5 10. cxd5 Nxf4 11. gxf4 Nf6 12. dxe6 Bxg2 13. exf7+ Kh8 14. Kxg2 Bd6 15. e3 Qe7 16. Qf3 c5 17. Qh3 Qb7+ 18. f3 Bxe5 19. fxe5 Nd5 20. Rae1 Qxf7 21. e6 Qb7 22. Qh5 Nf6 23. Qe5 Rfe8 24. d5 Qe7 25. e4 Rad8 26. Rd1 a6 27. h3 b5 28. Ne2 b4 29. Ng3 g6 30. f4 Kg8 31. f5 g5 32. d6 Qg7 33. e7 Rd7 34. Qe6+ Kh8 35. e5 Rdxe7 36. exf6 Rxe6 37. fxg7+ Kxg7 38. fxe6 Rxe6 39. d7 1-0

[Event "Turkish Cup 2022"]
[Site "Sakarya"]
[Date "2022.03.30"]
[Round "9.34"]
[White "Ozturk, Mustafa"]
[Black "Aysoy, Veysi"]
[Result "1-0"]
[ECO "B01"]
[WhiteElo "1375"]
[BlackElo "1811"]
[Annotator "NA"]
[PlyCount "138"]
[EventDate "2022.03.25"]
[EventType "swiss"]
[EventCountry "TUR"]
[SourceTitle "playchess.com"]
[Source "ChessBase"]
[SourceQuality "1"]
[TimeControl "5400+30"]

1. e4 d5 2. exd5 Nf6 3. Bb5+ Bd7 4. Be2 Nxd5 5. d4 g6 6. c4 Nb6 7. Nc3 Bc8 8. c5 Nd5 9. Nxd5 Qxd5 10. Bf3 Qd8 11. Ne2 Bg7 12. O-O O-O 13. Be3 c6 14. Qd2 Be6 15. Nf4 Bd5 16. Nxd5 cxd5 17. b4 e6 18. b5 Nd7 19. a4 Nf6 20. c6 bxc6 21. bxc6 Qd6 22. Rfc1 Ne4 23. Bxe4 dxe4 24. Rc4 f5 25. g3 Rac8 26. Rac1 Rfd8 27. c7 Rd7 28. Rc6 Qe7 29. Qa5 Bxd4 30. Qa6 Qf8 31. Bxd4 Rxd4 32. Qxa7 Rd7 33. Rb1 f4 34. Qb7 e3 35. f3 Kg7 36. Qb2+ Qf6 37. Qxf6+ Kxf6 38. Rbc1 Rd4 39. a5 Ra4 40. a6 fxg3 41. hxg3 Ke7 42. Kf1 Ra2 43. R1c2 Ra3 44. Ke2 Kd7 45. R2c3 Ra5 46. Kxe3 Re5+ 47. Kf4 Ra5 48. g4 Rf8+ 49. Kg3 Rc8 50. R3c5 Ra4 51. Kg2 Ra2+ 52. Kg3 Ra4 53. Kh4 h6 54. Kg3 g5 55. Rb6 Ra2 56. Rcc6 Ra3 57. Rd6+ Kxc7 58. Rbc6+ Kb8 59. Rxc8+ Kxc8 60. Rxe6 Kb8 61. Rxh6 Ra5 62. Rf6 Kc7 63. Rf5 Rxa6 64. Rxg5 Kd7 65. Re5 Kd6 66. Re4 Kd5 67. g5 Ra1 68. Kf4 Rg1 69. Kf5 Rg3 1-0

[Event "Turkish Cup 2022"]
[Site "Sakarya"]
[Date "2022.03.30"]
[Round "9.35"]
[White "Gok, Emre"]
[Black "Kurtyilmaz, Kuzey"]
[Result "1-0"]
[ECO "A02"]
[WhiteElo "1745"]
[BlackElo "1394"]
[Annotator "NA"]
[PlyCount "89"]
[EventDate "2022.03.25"]
[EventType "swiss"]
[EventCountry "TUR"]
[SourceTitle "playchess.com"]
[Source "ChessBase"]
[SourceQuality "1"]
[TimeControl "5400+30"]

1. b3 Nf6 2. Bb2 g6 3. f4 Bg7 4. Nf3 O-O 5. e3 d6 6. d4 Nbd7 7. Bd3 c5 8. O-O cxd4 9. Bxd4 Re8 10. Bc4 Nb6 11. Bb5 Bd7 12. a4 Bxb5 13. axb5 Nbd7 14. Na3 e5 15. fxe5 dxe5 16. Bb2 e4 17. Nd4 Ne5 18. Qe2 Nh5 19. Nc4 Qc7 20. Rxa7 Rxa7 21. b6 Qb8 22. bxa7 Qxa7 23. Nd6 Rd8 24. Nxe4 f5 25. Ne6 Re8 26. Nxg7 Kxg7 27. Nd6 Re6 28. Nc4 Qc5 29. Nxe5 Rxe5 30. Bxe5+ Qxe5 31. Qd3 Nf6 32. Qd4 Qe6 33. Rd1 Kf7 34. h3 g5 35. c4 h5 36. c5 Qxb3 37. Rd3 Qe6 38. h4 g4 39. Qf4 Nd5 40. Qd6 Ne7 41. Qxe6+ Kxe6 42. Rb3 Nc6 43. Rxb7 Kd5 44. Rh7 Ke4 45. Rxh5 1-0

[Event "Turkish Cup 2022"]
[Site "Sakarya"]
[Date "2022.03.30"]
[Round "9.37"]
[White "Kaban, Mahmut"]
[Black "Kayan, Veli"]
[Result "1-0"]
[ECO "E73"]
[WhiteElo "1525"]
[BlackElo "1915"]
[Annotator "NA"]
[PlyCount "175"]
[EventDate "2022.03.25"]
[EventType "swiss"]
[EventCountry "TUR"]
[SourceTitle "playchess.com"]
[Source "ChessBase"]
[SourceQuality "1"]
[TimeControl "5400+30"]

1. c4 Nf6 2. Nc3 g6 3. e4 d6 4. d4 Bg7 5. Be2 O-O 6. Be3 Na6 7. h4 e5 8. d5 Nc5 9. Qc2 a5 10. h5 b6 11. h6 Bh8 12. Bg5 Bd7 13. f3 Qc8 14. g4 a4 15. Nh3 Qb7 16. O-O-O Rfb8 17. Kb1 Be8 18. Nf2 Nfd7 19. Be3 Qc8 20. Nb5 Qd8 21. Rh2 Rb7 22. Rc1 Bf6 23. Qd2 Nb8 24. Rd1 Bxb5 25. cxb5 Nbd7 26. Bc4 Rba7 27. Rc1 Ra5 28. Nd1 Nb7 29. Nf2 Ndc5 30. g5 Bh8 31. Rg2 R5a7 32. Nd3 Nxd3 33. Bxd3 Nc5 34. Bc4 Qd7 35. Qe2 Rf8 36. Rcg1 Qe7 37. Qd2 Rfa8 38. Qb4 Qd7 39. Rg3 Nb7 40. Rc1 Rf8 41. Bf1 Nc5 42. Bh3 Qe7 43. Rc3 Rfa8 44. Qc4 Qe8 45. Kc2 Ra5 46. Bf1 Qd7 47. Be2 Rf8 48. Bf1 Qe8 49. Ra3 Qa8 50. Bd2 Ra7 51. Be3 f6 52. Bh3 f5 53. Bxc5 bxc5 54. Qd3 Qe8 55. Kc1 Ra5 56. Qc4 Rxb5 57. Rxa4 Qd7 58. Rg2 Rfb8 59. b3 Qc8 60. Rc2 Rb4 61. Qa6 R4b7 62. Rc3 Kf8 63. Kc2 Ke7 64. Re3 Qd7 65. Qc4 Rf8 66. Qc3 Qb5 67. Qc4 Qb6 68. Qa6 Qxa6 69. Rxa6 Kd7 70. Kd3 Rb4 71. Ke2 Ke7 72. Ra7 Kd7 73. Rc3 Kc8 74. Ra8+ Rb8 75. Rxb8+ Kxb8 76. Rc4 Kb7 77. Ke3 Kb6 78. Ra4 Kb7 79. Bf1 fxe4 80. Ba6+ Kb6 81. fxe4 Rf4 82. Be2 Kb7 83. Ra5 Rf8 84. Rb5+ Kc8 85. Bg4+ Kd8 86. Rb8+ Ke7 87. Rxf8 Kxf8 88. a4 1-0

[Event "Turkish Cup 2022"]
[Site "Sakarya"]
[Date "2022.03.30"]
[Round "9.38"]
[White "Gursu, Sungur"]
[Black "Selvi, Kaan"]
[Result "1-0"]
[ECO "A45"]
[WhiteElo "1562"]
[BlackElo "1823"]
[Annotator "NA"]
[PlyCount "93"]
[EventDate "2022.03.25"]
[EventType "swiss"]
[EventCountry "TUR"]
[SourceTitle "playchess.com"]
[Source "ChessBase"]
[SourceQuality "1"]
[TimeControl "5400+30"]

1. d4 Nf6 2. f3 c5 3. d5 e6 4. e4 e5 5. Nc3 d6 6. Bb5+ Nbd7 7. a4 Nh5 8. Nge2 a6 9. Bxd7+ Bxd7 10. Be3 g5 11. O-O Qf6 12. a5 Be7 13. Na4 Bd8 14. Nb6 Bxb6 15. axb6 Nf4 16. g3 Nh3+ 17. Kh1 h5 18. c4 Qg6 19. Qc2 Rg8 20. b4 Rc8 21. Ra5 cxb4 22. c5 Bb5 23. c6 Ke7 24. Rxb5 axb5 25. Qd3 g4 26. f4 f6 27. f5 Qe8 28. Ra1 Ra8 29. Rc1 Rc8 30. Qxb5 Kf7 31. Qxb4 Qe7 32. Nc3 bxc6 33. b7 c5 34. bxc8=Q Rxc8 35. Qb6 Ra8 36. Nb5 Ra2 37. Nxd6+ Kg7 38. Rxc5 Ra1+ 39. Kg2 Ra2+ 40. Kf1 Ra1+ 41. Bc1 Ra7 42. Nc8 Rb7 43. Qc6 Qd7 44. Qxd7+ Rxd7 45. Nb6 Rb7 46. d6 Rxb6 47. d7 1-0

[Event "Turkish Cup 2022"]
[Site "Sakarya"]
[Date "2022.03.30"]
[Round "9.39"]
[White "Erke, Mustafa Yigit"]
[Black "Sahin, Huseyin"]
[Result "1-0"]
[ECO "B10"]
[WhiteElo "1517"]
[BlackElo "1788"]
[Annotator "NA"]
[PlyCount "65"]
[EventDate "2022.03.25"]
[EventType "swiss"]
[EventCountry "TUR"]
[SourceTitle "playchess.com"]
[Source "ChessBase"]
[SourceQuality "1"]
[TimeControl "5400+30"]

1. e4 c6 2. c4 d5 3. cxd5 cxd5 4. exd5 Nf6 5. Bb5+ Bd7 6. Bc4 g6 7. Qb3 b6 8. a4 a6 9. d3 Bc8 10. Be3 Nbd7 11. d6 Ne5 12. dxe7 Bxe7 13. Qxb6 Qd7 14. Qd4 Qf5 15. Qf4 Nxd3+ 16. Bxd3 Qxd3 17. Ne2 O-O 18. Nc1 Qc2 19. O-O Nd5 20. Qf3 Nxe3 21. Qxe3 Qxb2 22. Ra2 Qf6 23. Re1 Be6 24. Rae2 Bb4 25. Nd2 Rad8 26. Nd3 Ba5 27. Nc5 Rfe8 28. Nde4 Qe7 29. Nxe6 Qxe6 30. Qg5 f5 31. Nf6+ Kf7 32. Nxe8 h6 33. Qxd8 1-0

[Event "Turkish Cup 2022"]
[Site "Sakarya"]
[Date "2022.03.30"]
[Round "9.40"]
[White "Serbulent, Huseyin"]
[Black "Hatipoglu, Metin"]
[Result "1-0"]
[ECO "C90"]
[WhiteElo "1775"]
[BlackElo "1579"]
[Annotator "NA"]
[PlyCount "97"]
[EventDate "2022.03.25"]
[EventType "swiss"]
[EventCountry "TUR"]
[SourceTitle "playchess.com"]
[Source "ChessBase"]
[SourceQuality "1"]
[TimeControl "5400+30"]

1. e4 e5 2. Nf3 Nc6 3. Bb5 a6 4. Ba4 Nf6 5. O-O Be7 6. Re1 b5 7. Bb3 d6 8. c3 O-O 9. h3 Na5 10. Bc2 c5 11. d3 Re8 12. Nbd2 Bf8 13. Nf1 g6 14. Ng3 Bg7 15. d4 cxd4 16. cxd4 Qc7 17. d5 Bd7 18. Be3 Nc4 19. Bc1 Rec8 20. Bd3 Qb7 21. b3 Nb6 22. a4 Rc7 23. a5 Nc8 24. Be3 Ne8 25. Qd2 Ne7 26. Bb6 Rcc8 27. Qb4 f5 28. Rad1 fxe4 29. Bxe4 Bf5 30. Ng5 Bxe4 31. N3xe4 Qd7 32. Re3 Nf5 33. Rf3 Nf6 34. g4 Nxe4 35. Qxe4 Nh6 36. Ne6 Qe7 37. Qb4 Nf7 38. Re1 Rc2 39. Nd4 Ng5 40. Rfe3 Rcc8 41. f4 Nf7 42. fxe5 Nxe5 43. Ne6 Qh4 44. Nxg7 Kxg7 45. Bd4 Rc2 46. Rf1 Kh6 47. Qxd6 Re2 48. Qxe5 Rxe3 49. Bxe3+ 1-0

[Event "Turkish Cup 2022"]
[Site "Sakarya"]
[Date "2022.03.30"]
[Round "9.43"]
[White "Tokan, Melih"]
[Black "Yenil, Mucahit"]
[Result "0-1"]
[ECO "B06"]
[WhiteElo "1321"]
[BlackElo "1736"]
[Annotator "NA"]
[PlyCount "64"]
[EventDate "2022.03.25"]
[EventType "swiss"]
[EventCountry "TUR"]
[SourceTitle "playchess.com"]
[Source "ChessBase"]
[SourceQuality "1"]
[TimeControl "5400+30"]

1. e4 g6 2. d4 Bg7 3. Nc3 d6 4. Bg5 a6 5. Qd2 Nd7 6. O-O-O b5 7. g3 Bb7 8. Bg2 c5 9. dxc5 Nxc5 10. Nd5 Ne6 11. h4 Nxg5 12. Qxg5 Bh6 13. e5 Bxg5+ 14. hxg5 Bxd5 15. Bxd5 Rc8 16. exd6 exd6 17. Nf3 Ne7 18. Rhe1 O-O 19. Bb3 a5 20. a3 Qc7 21. Rd2 Nc6 22. Nh2 a4 23. Ba2 Rfe8 24. Rh1 Nd4 25. c3 Nb3+ 26. Bxb3 axb3 27. Ng4 Re6 28. Nf6+ Rxf6 29. gxf6 Qd8 30. Rd4 Qxf6 31. f4 Qxd4 32. Rxh7 Kxh7 0-1

[Event "Turkish Cup 2022"]
[Site "Sakarya"]
[Date "2022.03.30"]
[Round "9.44"]
[White "Vursan, Emre Can"]
[Black "Avsar, Gediz"]
[Result "1-0"]
[ECO "B27"]
[WhiteElo "1741"]
[BlackElo "1506"]
[Annotator "NA"]
[PlyCount "61"]
[EventDate "2022.03.25"]
[EventType "swiss"]
[EventCountry "TUR"]
[SourceTitle "playchess.com"]
[Source "ChessBase"]
[SourceQuality "1"]
[TimeControl "5400+30"]

1. e4 c5 2. Nf3 g6 3. d4 cxd4 4. Qxd4 Nf6 5. Bb5 Nc6 6. Bxc6 bxc6 7. e5 Nd5 8. c4 Nc7 9. h4 Ne6 10. Qc3 h5 11. Ng5 d5 12. Nd2 Bg7 13. Ndf3 O-O 14. O-O Nxg5 15. Bxg5 Qd7 16. c5 Qc7 17. Rfe1 Rb8 18. b3 a5 19. Qe3 e6 20. Bf6 Rb4 21. Nd4 Re8 22. a3 Rb8 23. Qg5 Bd7 24. g4 Bxf6 25. exf6 Kh7 26. gxh5 Rg8 27. Kh1 Qd8 28. Re3 Qf8 29. Rg1 Qh6 30. Reg3 gxh5 31. Qxh6+ 1-0